 Dungeon Crawl Stone Soup version 0.29.0-4-gdea44cf6ec (webtiles) character file.

Game seed: 8106760873185474739

3628 qw the Cleaver (level 9, 0/70 (72) HPs)
             Began as a Minotaur Berserker on Sept 4, 2022.
             Was an Elder of Trog.
             Slain by Psyche
             ... wielding a +4 dagger of distortion
              (1 damage)
             ... on level 8 of the Dungeon.
             The game lasted 00:02:37 (8295 turns).

qw the Cleaver (Minotaur Berserker)                 Turns: 8295, Time: 00:02:38

HP:   0/70 (72)     AC:  0    Str: 26    XL:     9   Next: 87%
MP:   8/8           EV: 14    Int:  4    God:    Trog [****..]
Gold: 344           SH:  0    Dex: 10    Spells: 8/8 levels left

rFire   . . .      SeeInvis .   (weapon currently unavailable)
rCold   . . .      Faith    .   (shield currently unavailable)
rNeg    . . .      Spirit   .   (body armour currently unavailable)
rPois   .          Reflect  .   (helmet currently unavailable)
rElec   .          Harm     .   (cloak currently unavailable)
rCorr   .          Rampage  .   (gloves currently unavailable)
Will    .....                   (boots currently unavailable)
Stlth   +.........              (no amulet)
HPRegen 0.21/turn               (ring currently unavailable)
MPRegen 0.11/turn               (ring currently unavailable)

@: pig-form, hasted, lightly drained, very quick
A: fast, no casting, small, (horns 2), (retaliatory headbutt), (hooves 1),
(iridescent scales 1), frail 1, (sturdy frame 1)
a: Renounce Religion, Berserk, Trog's Hand, Brothers in Arms


You were on level 8 of the Dungeon.
You worshipped Trog.
Trog was greatly pleased with you.
You were a filthy swine.
You visited 1 branch of the dungeon, and saw 8 of its levels.

You collected 344 gold pieces.


Innate Abilities, Weirdness & Mutations

You are a filthy swine.
You move quickly.
Your equipment is almost entirely melded.
You are incapable of wielding weapons or throwing items.
You cannot cast spells.
((You have a pair of horns on your head.))
((You reflexively headbutt those who attack you in melee.))
((You have large cloven feet.))
((You are partially covered in iridescent scales. (AC +2)))
You are frail. (-10% HP)
((Your movements are slightly less encumbered by armour. (ER -2)))


   Skills:
 - Level 8.0 Fighting
 + Level 13.7 Axes
 - Level 1.0 Throwing
 - Level 7.6 Armour
 - Level 2.1 Dodging


You had 8 spell levels left.
You didn't know any spells.
Your spell library was empty.

Inventory:

Hand Weapons
 g - a +1 hand axe of flaming
 Y - a +0 war axe (melded)
Missiles
 j - 4 boomerangs (quivered)
Armour
 b - a +0 cloak
 e - a scarf of repulsion (melded)
 h - a +0 plate armour (melded)
 i - a +0 pair of gloves (melded)
Scrolls
 f - 3 scrolls of teleportation
 k - a scroll of identify
Potions
 a - a potion of resistance {unknown}
 d - a potion of might
 m - 2 potions of haste

Dungeon Overview and Level Annotations

Branches:
Dungeon (8/15)             Temple (0/1) D:5
   Lair: D:8-11

Altars:
Qazlal
Uskayaw
Wu Jian
Xom
Zin

Shops:
D:8 :

Annotations:
D:5 1 runed translucent door, Crazy Yiuf
D:8 Psyche


Message History

You hear a zap.
Something tries to affect you, but you resist.
You swing at nothing.
You swing at nothing.
You swing at nothing.
You swing at nothing.
You hear a zap.
Something tries to affect you, but you resist.
You swing at nothing.
You hear some strange, mumbled words.
A swirling arc of seething chaos appears!
An arc of chaos appears from out of thin air!
The arc of chaos hits you.
You swing at nothing.
You swing at nothing.
You hear some strange, mumbled words.
A swirling arc of seething chaos appears!
An arc of chaos appears from out of thin air!
The arc of chaos hits you.
You swing at nothing.
You swing at nothing.
You hear some strange, mumbled words.
A swirling arc of seething chaos appears!
An arc of chaos appears from out of thin air!
The arc of chaos hits you.
You miss something. You miss something.
You hear some strange, mumbled words.
You bite something!
You hear a zap.
You suddenly lose the ability to move!
You hear a zap.
You shrug off the repeated paralysis!
Something hits you.
You blink.
Something hits you! Space warps around you. Something hits you. x2
You can move again.
You hit something. Something hits you.
You die...

#.....#.###### ....#
###..))###### .....#
#..)))....#
.....######>........#
........#..#...>...#
...................#
#...#...#........#
#....#.#......#'##
#####h....\.........#
#....{...#.#......####
#.......#...#.....+...
#.................####
#.....####.......#
#.....# #......##
#.....# #.....##
#.....# #....##
#.....# ..##


There were no monsters in sight!

Vanquished Creatures
  Pikel (D:8)
  Maurice (D:8)
  A kobold demonologist (D:8)
  A hornet (D:7)
  2 orc warriors
  A sky beast (D:7)
  A black bear (D:6)
  An ogre (D:5)
  2 centaurs
  3 lemures (D:8)
  2 phantoms
  A kobold brigand (D:6)
  A bullfrog (D:7)
  A necrophage (D:7)
  A scorpion (D:6)
  3 wights (D:8)
  4 killer bees (D:7)
  A howler monkey (D:5)
  4 hounds
  A jelly (D:5)
  5 orc priests
  2 gnoll boudas
  4 iguanas
  7 orc wizards
  16 gnolls
  7 adders
  A white imp (D:7)
  A worm (D:3)
  6 dart slugs
  25 orcs
  7 endoplasms
  7 giant cockroaches
  2 goblins
  6 hobgoblins
  7 jackals
  12 kobolds
  7 quokkas
  19 ball pythons
  5 bats
  2 frilled lizards
  8 rats
189 creatures vanquished.

Vanquished Creatures (others)
  An ogre (D:4)
  An orc (D:4)
2 creatures vanquished.

Grand Total: 191 creatures vanquished

Notes
Turn   | Place    | Note
-------+----------+-------------------------------------------
     0 | D:1      | qw the Minotaur Berserker began the quest for the Orb.
     0 | D:1      | Reached XP level 1. HP: 19/19 MP: 0/0
     0 | D:1      | 0 ||| qw: Version: 0.1-a-103-gd6f5d3a
     0 | D:1      | 0 ||| qw: Game counter: 5379
     0 | D:1      | 0 ||| qw: Always use a shield: true
     0 | D:1      | 0 ||| qw: Do Orc after D:15 true
     0 | D:1      | 0 ||| qw: Do second Lair branch before Depths: true
     0 | D:1      | 0 ||| qw: Lair rune preference: random
     0 | D:1      | 0 ||| qw: Plans: Normal
     0 | D:1      | 0 ||| PLANNING D:1-11
   174 | D:1      | 174 ||| Stepping ~*~*~tactically~*~*~ (hiding).
   276 | D:1      | 276 ||| Stepping ~*~*~tactically~*~*~ (hiding).
   285 | D:1      | Reached skill level 4 in Axes
   429 | D:1      | Reached XP level 2. HP: 26/26 MP: 1/1
   456 | D:1      | 456 ||| Stepping ~*~*~tactically~*~*~ (hiding).
   512 | D:1      | 512 ||| Stepping ~*~*~tactically~*~*~ (stealth).
   622 | D:1      | 622 ||| Stepping ~*~*~tactically~*~*~ (hiding).
   724 | D:1      | 724 ||| Stepping ~*~*~tactically~*~*~ (hiding).
   826 | D:1      | 826 ||| Stepping ~*~*~tactically~*~*~ (hiding).
   928 | D:1      | 928 ||| Stepping ~*~*~tactically~*~*~ (hiding).
  1040 | D:1      | Reached skill level 5 in Axes
  1089 | D:1      | Reached XP level 3. HP: 31/31 MP: 2/2
  1250 | D:1      | 1250 ||| UPGRADING to +0 leather armour.
  1260 | D:1      | 1260 ||| DROPPING +0 animal skin.
  1261 | D:1      | 1261 ||| UPGRADING to scarf of repulsion.
  1266 | D:1      | 1266 ||| UPGRADING to +0 pair of gloves.
  1271 | D:1      | 1271 ||| READING scroll labelled EPEYBEWOAW.
  1272 | D:1      | 1272 ||| READING 2 scrolls labelled ELOR CIEPEOGAN.
  1273 | D:1      | 1273 ||| READING scroll labelled QILAPR NOAG.
  1274 | D:1      | 1274 ||| DRINKING 2 coppery potions.
  1375 | D:1      | 1375 ||| DROPPING potion of ambrosia.
  1413 | D:2      | 1413 ||| Stepping ~*~*~tactically~*~*~ (stealth).
  1415 | D:2      | Reached ** piety under Trog
  1447 | D:2      | 1447 ||| Stepping ~*~*~tactically~*~*~ (stealth).
  1513 | D:2      | 1513 ||| Stepping ~*~*~tactically~*~*~ (hiding).
  1516 | D:2      | 1516 ||| Stepping ~*~*~tactically~*~*~ (hiding).
  1912 | D:2      | 1912 ||| Stepping ~*~*~tactically~*~*~ (hiding).
  2150 | D:2      | 2150 ||| UPGRADING to +0 scale mail.
  2160 | D:2      | 2160 ||| DROPPING +0 leather armour.
  2161 | D:2      | 2161 ||| READING scroll labelled COLERU POTU.
  2162 | D:2      | 2162 ||| READING scroll labelled CIMAZ SAFORUKH.
  2163 | D:2      | 2163 ||| DRINKING 2 grey potions.
  2163 | D:2      | Gained mutation: You sometimes lose your temper in combat.
                  | [potion of mutation]
  2163 | D:2      | Gained mutation: You have supernaturally acute eyesight.
                  | (SInv) [potion of mutation]
  2163 | D:2      | Gained mutation: You are agile. (Dex +4, Str/Int -1)
                  | [potion of mutation]
  2164 | D:2      | 2164 ||| DRINKING potion of mutation.
  2164 | D:2      | Lost mutation: You have supernaturally acute eyesight.
                  | (SInv) [potion of mutation]
  2164 | D:2      | Lost mutation: You are agile. (Dex +4, Str/Int -1) [potion
                  | of mutation]
  2164 | D:2      | Gained mutation: You are partially covered in iridescent
                  | scales. (AC +2) [potion of mutation]
  2165 | D:2      | 2165 ||| READING 3 scrolls of identify.
  2165 | D:2      | 2165 ||| IDENTIFYING pink potion
  2166 | D:2      | 2166 ||| READING 2 scrolls of identify.
  2166 | D:2      | 2166 ||| IDENTIFYING sedimented sapphire potion
  2167 | D:2      | 2167 ||| DROPPING potion of invisibility.
  2168 | D:2      | 2168 ||| DROPPING potion of berserk rage.
  2208 | D:3      | Reached XP level 4. HP: 38/39 MP: 3/3
  2212 | D:3      | Reached skill level 6 in Axes
  2365 | D:3      | 2365 ||| Stepping ~*~*~tactically~*~*~ (hiding).
  2366 | D:3      | 2366 ||| Stepping ~*~*~tactically~*~*~ (hiding).
  2423 | D:3      | 2423 ||| Stepping ~*~*~tactically~*~*~ (stealth).
  2443 | D:3      | 2443 ||| Stepping ~*~*~tactically~*~*~ (stealth).
  2457 | D:3      | Found a faded altar of an unknown god.
  2471 | D:3      | 2471 ||| Stepping ~*~*~tactically~*~*~ (stealth).
  2472 | D:3      | 2472 ||| Stepping ~*~*~tactically~*~*~ (stealth).
  2473 | D:3      | 2473 ||| Stepping ~*~*~tactically~*~*~ (stealth).
  2492 | D:3      | 2492 ||| DROPPING +0 mace.
  2521 | D:3      | 2521 ||| Stepping ~*~*~tactically~*~*~ (stealth).
  2525 | D:3      | 2525 ||| Stepping ~*~*~tactically~*~*~ (stealth).
  2528 | D:3      | 2528 ||| Stepping ~*~*~tactically~*~*~ (stealth).
  2540 | D:3      | 2540 ||| Stepping ~*~*~tactically~*~*~ (stealth).
  2558 | D:3      | 2558 ||| INVOKING Berserk.
  2743 | D:3      | 2743 ||| Stepping ~*~*~tactically~*~*~ (hiding).
  3031 | D:3      | Reached skill level 7 in Axes
  3031 | D:3      | Reached XP level 5. HP: 45/45 MP: 4/4
  3293 | D:3      | 3293 ||| UPGRADING to +0 chain mail.
  3303 | D:3      | 3303 ||| DROPPING +0 scale mail.
  3304 | D:3      | 3304 ||| READING scroll labelled PUOSSI ISSUH.
  3307 | D:3      | 3307 ||| READING scroll labelled PUDOQE HUEG.
  3443 | D:3      | 3443 ||| DRINKING 2 black potions.
  3444 | D:3      | 3444 ||| READING 3 scrolls of identify.
  3444 | D:3      | 3444 ||| IDENTIFYING smoky grey potion
  3445 | D:3      | 3445 ||| READING 2 scrolls of identify.
  3445 | D:3      | 3445 ||| IDENTIFYING cyan potion
  3446 | D:3      | 3446 ||| DROPPING potion of magic.
  3501 | D:4      | 3501 ||| Stepping ~*~*~tactically~*~*~ (stealth).
  3591 | D:4      | 3591 ||| Stepping ~*~*~tactically~*~*~ (stealth).
  3595 | D:4      | Reached *** piety under Trog
  3655 | D:4      | Killed an ogre
  3673 | D:4      | 3673 ||| Stepping ~*~*~tactically~*~*~ (stealth).
  3709 | D:4      | 3709 ||| SWAPPING to +0 war axe.
  3710 | D:4      | 3710 ||| DROPPING +0 hand axe of draining.
  3729 | D:4      | 3729 ||| Stepping ~*~*~tactically~*~*~ (stealth).
  3821 | D:4      | 3821 ||| Stepping ~*~*~tactically~*~*~ (hiding).
  3826 | D:4      | 3826 ||| INVOKING Berserk.
  4190 | D:4      | 4190 ||| INVOKING Berserk.
  4192 | D:4      | Reached XP level 6. HP: 52/52 MP: 5/5
  4210 | D:4      | 4210 ||| FLEEEEING.
  4212 | D:4      | 4212 ||| FLEEEEING.
  4218 | D:4      | 4218 ||| STAIRDANCE
  4254 | D:3      | 4254 ||| DROPPING amulet of faith.
  4255 | D:3      | 4255 ||| READING scroll labelled HEGHEXK IRPHUZ.
  4256 | D:3      | 4256 ||| READING scroll labelled POSHEH PAT.
  4257 | D:3      | 4257 ||| READING 4 scrolls of identify.
  4257 | D:3      | 4257 ||| IDENTIFYING sedimented purple potion
  4258 | D:3      | 4258 ||| READING 3 scrolls of identify.
  4258 | D:3      | 4258 ||| IDENTIFYING clear potion
  4259 | D:3      | 4259 ||| DROPPING potion of flight.
  4260 | D:3      | 4260 ||| DROPPING potion of brilliance.
  4279 | D:4      | Found a shimmering altar of Xom.
  4281 | D:4      | 4281 ||| Stepping ~*~*~tactically~*~*~ (stealth).
  4289 | D:4      | Reached skill level 8 in Axes
  4400 | D:5      | Entered Level 5 of the Dungeon
  4401 | D:5      | 4401 ||| PLANNING SEWER
  4417 | D:5      | Found a staircase to the Ecumenical Temple.
  4425 | D:5      | 4425 ||| INVOKING Berserk.
  4534 | D:5      | 4534 ||| INVOKING Berserk.
  4553 | D:5      | Reached skill level 9 in Axes
  4563 | D:5      | Reached skill level 3 in Armour
  4563 | D:5      | Reached XP level 7. HP: 30/59 MP: 6/6
  5125 | D:5      | Found a runed translucent door.
  5126 | D:5      | Noticed Crazy Yiuf
  5165 | D:5      | 5165 ||| RIP SEWER
  5166 | D:5      | 5166 ||| PLANNING D:1-11
  5332 | D:5      | 5332 ||| READING 2 scrolls of identify.
  5332 | D:5      | 5332 ||| IDENTIFYING golden potion
  5333 | D:5      | 5333 ||| DROPPING potion of attraction.
  5409 | D:6      | Reached skill level 10 in Axes
  5585 | D:6      | 5585 ||| DRINKING potion of mutation.
  5585 | D:6      | Lost mutation: You are partially covered in iridescent
                  | scales. (AC +2) [potion of mutation]
  5585 | D:6      | Lost mutation: You sometimes lose your temper in combat.
                  | [potion of mutation]
  5585 | D:6      | Gained mutation: You have hidden genetic potential. [potion
                  | of mutation]
  5585 | D:6      | Gained mutation: You are frail. (-10% HP) [potion of
                  | mutation]
  5585 | D:6      | Gained mutation: Your movements are slightly less
                  | encumbered by armour. (ER -2) [potion of mutation]
  5590 | D:6      | Reached skill level 1 in Throwing
  5777 | D:6      | Reached skill level 6 in Fighting
  5955 | D:6      | 5955 ||| Stepping ~*~*~tactically~*~*~ (stealth).
  5961 | D:6      | 5961 ||| Stepping ~*~*~tactically~*~*~ (stealth).
  5969 | D:6      | Reached XP level 8. HP: 41/63 MP: 7/7
  6109 | D:6      | Found a glowing silver altar of Zin.
  6109 | D:6      | Noticed an angel
  6143 | D:6      | 6143 ||| INVOKING Berserk.
  6261 | D:6      | 6261 ||| READING scroll labelled VOIGUEMIYSCH.
  6262 | D:6      | 6262 ||| READING scroll labelled VIUMAAZYWN.
  6317 | D:7      | 6317 ||| Stepping ~*~*~tactically~*~*~ (hiding).
  6318 | D:7      | 6318 ||| INVOKING Berserk.
  6327 | D:7      | Reached skill level 11 in Axes
  6338 | D:7      | Gained mutation: You are partially covered in iridescent
                  | scales. (AC +2) [hidden potential]
  6367 | D:7      | Found a stormy altar of Qazlal.
  6380 | D:7      | 6380 ||| Stepping ~*~*~tactically~*~*~ (stealth).
  6388 | D:7      | Reached **** piety under Trog
  6392 | D:7      | 6392 ||| INVOKING Berserk.
  6401 | D:7      | HP: 15/63 [poisoned by a killer bee]
  6402 | D:7      | 6402 ||| DRINKING potion of curing.
  6402 | D:7      | 6402 ||| (to cure confusion)
  6418 | D:7      | HP: 12/63 [orc wizard/magic dart (5)]
  6419 | D:7      | 6419 ||| FLEEEEING.
  6420 | D:7      | 6420 ||| FLEEEEING.
  6421 | D:7      | 6421 ||| FLEEEEING.
  6422 | D:7      | 6422 ||| FLEEEEING.
  6423 | D:7      | 6423 ||| FLEEEEING.
  6424 | D:7      | 6424 ||| FLEEEEING.
  6425 | D:7      | 6425 ||| FLEEEEING.
  6426 | D:7      | 6426 ||| STAIRDANCE
  6668 | D:6      | 6668 ||| UPGRADING to +0 plate armour.
  6678 | D:6      | 6678 ||| DROPPING +0 chain mail.
  6698 | D:7      | 6698 ||| FLEEEEING.
  6699 | D:7      | 6699 ||| FLEEEEING.
  6700 | D:7      | 6700 ||| FLEEEEING.
  6701 | D:7      | 6701 ||| FLEEEEING.
  6702 | D:7      | 6702 ||| FLEEEEING.
  6745 | D:7      | 6745 ||| FLEEEEING.
  6746 | D:7      | 6746 ||| FLEEEEING.
  6747 | D:7      | 6747 ||| FLEEEEING.
  6748 | D:7      | 6748 ||| FLEEEEING.
  6749 | D:7      | 6749 ||| FLEEEEING.
  6750 | D:7      | 6750 ||| FLEEEEING.
  6751 | D:7      | 6751 ||| FLEEEEING.
  6756 | D:7      | 6756 ||| STAIRDANCE
  6788 | D:6      | 6788 ||| READING 3 scrolls of identify.
  6788 | D:6      | 6788 ||| IDENTIFYING dark potion
  6789 | D:6      | 6789 ||| READING 2 scrolls of identify.
  6789 | D:6      | 6789 ||| IDENTIFYING bubbling dark potion
  6790 | D:6      | 6790 ||| DROPPING potion of lignification.
  6883 | D:7      | Noticed a hornet
  6889 | D:7      | Paralysed by a hornet for 3 turns
  6894 | D:7      | 6894 ||| INVOKING Berserk.
  6896 | D:7      | Killed a hornet
  6897 | D:7      | Reached skill level 12 in Axes
  7095 | D:7      | Found an ornate altar of the Wu Jian Council.
  7102 | D:7      | 7102 ||| INVOKING Berserk.
  7106 | D:7      | Reached XP level 9. HP: 70/70 MP: 8/8
  7488 | D:7      | 7488 ||| INVOKING Berserk.
  7568 | D:7      | Found a hide-covered altar of Uskayaw.
  7654 | D:7      | 7654 ||| READING scroll labelled ZENWEN QEXKIE.
  7773 | D:8      | Noticed Pikel
  7780 | D:8      | 7780 ||| INVOKING Berserk.
  7784 | D:8      | Killed Pikel
  7799 | D:8      | Gained mutation: You have large cloven feet. [hidden
                  | potential]
  7799 | D:8      | Lost mutation: You have hidden genetic potential. [hidden
                  | potential expressed]
  7908 | D:8      | 7908 ||| Stepping ~*~*~tactically~*~*~ (stealth).
  7910 | D:8      | 7910 ||| Stepping ~*~*~tactically~*~*~ (stealth).
  7912 | D:8      | 7912 ||| Stepping ~*~*~tactically~*~*~ (stealth).
  7913 | D:8      | 7913 ||| INVOKING Berserk.
  7926 | D:8      | Reached skill level 13 in Axes
  8047 | D:8      | 8047 ||| DROPPING +0 flail.
  8162 | D:8      | 8162 ||| Stepping ~*~*~tactically~*~*~ (hiding).
  8164 | D:8      | Noticed a kobold demonologist
  8165 | D:8      | Noticed Maurice
  8169 | D:8      | Noticed a rust devil
  8169 | D:8      | Killed a kobold demonologist
  8171 | D:8      | 8171 ||| INVOKING Berserk.
  8175 | D:8      | Found Xyhiowij's Book Shoppe.
  8184 | D:8      | Killed Maurice
  8263 | D:8      | Noticed Psyche
  8289 | D:8      | Paralysed by something for 5 turns
  8292 | D:8      | HP: 16/70 [something (12)]
  8293 | D:8      | HP: 7/70 [something (4)]
  8294 | D:8      | HP: 1/70 [something (6)]
  8295 | D:8      | Slain by Psyche

Levels and vault maps discovered:
D:1:      dpeg_arrival_circle_labyrinth_a, layout_loops_ring
D:2:      layout_basic
D:3:      layout_loops_ring, hellmonk_ecumenical_altar_blasted
D:4:      layout_loops_ring, xom_confusion_cloud
D:5:      layout_cave_pools, minmay_temple_entry_grid, gup_sewer_entry_bowl,
          kennysheep_nub, minivault_24, amethyst_killhole,
          uniq_crazy_yiuf_cottage
D:6:      layout_loops_ring, zin_angel
D:7:      layout_rooms, mainiacjoe_overflow_brackets, nicolae_uskayaw_suspiria,
          mainiacjoe_overflow_chevrons
D:8:      wander_kiku_kobolds, layout_basic, grunt_temple_overflow_diamond,
          nicolae_overflow_hidden_temple, serial_shops,
          nicolae_shop_advertising_works [nicolae_subvault_shop_adworks],
          uniq_pikel, uniq_psyche, uniq_maurice

Skill      XL: |  1  2  3  4  5  6  7  8  9 |
---------------+----------------------------+-----
Axes           | 4 5 7 9 10 12 13 | 13.7
Fighting       | 4 6 8 |  8.0
Armour         | 3 5 7 |  7.6
Throwing       | 1 |  1.0
Dodging        | |  2.1

Action                   |  1- 3 |  4- 6 |  7- 9 || total
-------------------------+-------+-------+-------++-------
Melee: Hand axe          |    60 |    52 |       ||   112
       Headbutt          |     8 |    13 |    28 ||    49
       War axe           |       |    58 |   198 ||   256
       Punch             |       |     1 |     1 ||     2
       Kick              |       |       |     8 ||     8
       Unarmed           |       |       |     7 ||     7
Throw: Boomerang         |    48 |    56 |    32 ||   136
Invok: Berserk           |       |     5 |     9 ||    14
  Use: Scroll            |     7 |     8 |     6 ||    21
       Potion            |     3 |     1 |     2 ||     6
Armor: Animal skin       |     5 |       |       ||     5
       Leather armour    |     3 |       |       ||     3
       Scale mail        |     1 |     6 |       ||     7
       Chain mail        |       |    45 |    61 ||   106
       Plate armour      |       |       |    53 ||    53
Dodge: Dodged            |    31 |    59 |    96 ||   186
       Repelled          |     1 |       |     3 ||     4

Table legend:
 A = Non-vault XP
 B = Vault XP
 C = Vault XP percentage of total XP
 D = Non-vault monster count
 E = Vault monster count
 F = Vault count percentage of total count
                 A         B        C        D         E       F
            +---------+---------+-------+---------+---------+-------
      Total |    3998 |    1186 |  22.9 |     172 |      14 |   7.5
            +---------+---------+-------+---------+---------+-------
        D:1 |      53 |       0 |   0.0 |      28 |       0 |   0.0
        D:2 |      43 |       0 |   0.0 |      18 |       0 |   0.0
        D:3 |     111 |       0 |   0.0 |      24 |       0 |   0.0
        D:4 |     179 |      23 |  11.4 |      18 |       8 |  30.8
        D:5 |     582 |       7 |   1.2 |      24 |       4 |  14.3
        D:6 |     632 |       0 |   0.0 |      11 |       0 |   0.0
        D:7 |    1409 |       0 |   0.0 |      31 |       0 |   0.0
        D:8 |     989 |    1156 |  53.9 |      18 |       2 |  10.0
            +---------+---------+-------+---------+---------+-------
